 Dungeon Crawl Stone Soup version 0.30.0-29-ga12c61a403 (webtiles) character file.

Game seed: 16487835263873406739

67 monsoonserge the Ruffian (level 4, -11/37 HPs)
             Began as a Ghoul Gladiator on June 14, 2023.
             Was a Follower of Okawaru.
             Mangled by a gnoll
             ... wielding a +0 halberd
              (16 damage)
             ... on level 3 of the Dungeon.
             The game lasted 00:04:39 (1904 turns).

monsoonserge the Ruffian (Ghoul Gladiator)          Turns: 1904, Time: 00:04:40

Health: -11/37     AC:  4    Str: 19    XL:     4   Next: 16%
Magic:  3/3        EV: 12    Int:  3    God:    Okawaru [*.....]
Gold:   76         SH:  0    Dex: 10    Spells: 3/3 levels left

rFire   . .          .
                       - Unarmed
rCold   + . .        (no shield)
rNeg    + + +        a - +0 leather armour
rPois   ∞            b - +0 helmet
rElec   .            (no cloak)
rCorr   .            (no gloves)
SInv    .            (no boots)
Will    .....        (no amulet)
Stlth   +            (no ring)
HPRegen 0.00/turn    (no ring)
MPRegen 0.08/turn

%: no passive effects
@: inhibited regen
A: claws 1, cold resistance 1, negative energy resistance 3, inhibited
regeneration, torment resistance 2, devour on kill
a: Renounce Religion, Heroism


You were on level 3 of the Dungeon.
You worshipped Okawaru.
Okawaru was aware of your devotion.
You visited 1 branch of the dungeon, and saw 3 of its levels.

You collected 136 gold pieces.
You spent 60 gold pieces at shops.

Inventory:

Missiles
 c - 4 throwing nets
 d - 3 javelins
 h - 12 poisoned darts (quivered)
Armour
 a - a +0 leather armour (worn)
 b - a +0 helmet (worn)
Scrolls
 f - a scroll of vulnerability {unknown}
 g - 3 scrolls of identify {unknown}
 j - a scroll of fog {unknown}
 k - a scroll of enchant weapon {unknown}
 m - a scroll of poison {unknown}
 n - 2 scrolls of brand weapon {unknown}
 p - a scroll of noise {unknown}
Potions
 e - a potion of attraction {unknown}
 i - 2 potions of curing {unknown}
 l - a potion of heal wounds
 o - a potion of berserk rage {unknown}
 q - a potion of resistance {unknown}
 r - a potion of haste {unknown}


   Skills:
 + Level 2.4 Fighting
 + Level 1.8 Throwing
 + Level 0.7 Armour
 + Level 3.1 Dodging
 * Level 4.5 Unarmed Combat
 * Level 0.7 Invocations


You had 3 spell levels left.
You didn't know any spells.
Your spell library was empty.

Dungeon Overview and Level Annotations

Branches:
Dungeon (3/15)

Altars:
Okawaru

Shops:
D:1 !


Innate Abilities, Weirdness & Mutations

You are immune to poison.
You have sharp fingernails.
Your flesh is cold resistant. (rC+)
You are immune to negative energy. (rN+++)
You do not regenerate when monsters are visible.
You are immune to unholy pain and torment.
You thrive by killing the living.


Message History

There are no items here. 3 gnolls come into view.
Found a stone staircase leading up.
The gnoll shouts! x2
The gnoll throws a throwing net.
The throwing net barely misses you.
The gnoll moves out of view.
You see here a throwing net.
A gnoll comes into view. It is wielding a +0 halberd.
The gnoll hits you with a +0 halberd.
You scratch the gnoll.
The gnoll is heavily wounded.
You scratch the gnoll.
The gnoll is heavily wounded.
You claw the gnoll! You claw the gnoll.
The gnoll is almost dead.
The gnoll barely misses you.
The gnoll hits you from afar with a +0 spear.
Unknown command.
You barely miss the gnoll.
The gnoll is almost dead.
The gnoll closely misses you. x2; The gnoll misses you.
The gnoll hits you from afar with a +0 halberd!
You claw the gnoll!
You kill the gnoll!
Okawaru accepts your kill.
You feel better. The gnoll barely misses you. x3
You see here a throwing net.
The gnoll throws a throwing net.
The throwing net hits you.
You become entangled in the net!
You see here a throwing net.
You tear a large gash into the net.
The gnoll hits you but does no damage.
You struggle against the net.
The gnoll hits you from afar with a +0 halberd!
* * * LOW HITPOINT WARNING * * *
The gnoll barely misses you.
You struggle against the net.
The gnoll barely misses you. The gnoll hits you but does no damage.
You rip the net and break free!
The gnoll hits you from afar with a +0 halberd!
You die...

.... ...######
#..##.......#
#.#..#.......#
#......).....#
#...#
##..##########
#..(.........
#.####..g..#######
#......gg.@<.....#
#####.....#....#.#
+.......##...#
#.)...### ..#
####### .# #


You could see 3 gnolls.

Vanquished Creatures
  A gnoll (D:3)
  An adder (D:2)
  A worm (D:2)
  3 ball pythons (D:1)
  7 bats
  4 endoplasms
  3 giant cockroaches
  3 goblins
  6 hobgoblins
  2 jackals (D:1)
  3 kobolds
  3 quokkas
  A frilled lizard (D:2)
  A rat (D:2)
39 creatures vanquished.

Notes
Turn   | Place    | Note
-------+----------+-------------------------------------------
     0 | D:1      | monsoonserge the Ghoul Gladiator began the quest for the
                  | Orb.
     0 | D:1      | Reached XP level 1. HP: 17/17 MP: 0/0
   113 | D:1      | Reached XP level 2. HP: 25/25 MP: 1/1
   291 | D:1      | Found Zaujetou's Distillery.
   352 | D:1      | Found a faded altar of an unknown god.
   366 | D:1      | Prayed at the altar of an unknown god.
   366 | D:1      | Became a worshipper of Warmaster Okawaru
   366 | D:1      | Reached * piety under Okawaru
   902 | D:1      | Bought a potion of heal wounds for 60 gold pieces
   926 | D:2      | Reached XP level 3. HP: 30/30 MP: 2/2
  1028 | D:2      | Reached skill level 4 in Unarmed Combat
  1810 | D:2      | Reached XP level 4. HP: 37/37 MP: 3/3
  1904 | D:3      | Mangled by a gnoll

Illustrated notes

Levels and vault maps discovered:
D:1:      psy_arrival_terrarium, layout_basic, serial_shops, shop,
          hellmonk_ecumenical_altar_inner_sanctum
D:2:      layout_basic, minmay_split_cup_large
D:3:      layout_basic, mainiacjoe_overflow_alcove_3, chequers_avenue

Skill      XL: |  1  2  3 |
---------------+----------+-----
Dodging        | 3 |  3.1
Unarmed Combat | 4 |  4.5
Fighting       | |  2.4
Throwing       | |  1.8
Armour         | |  0.7
Invocations    | |  0.7

Action                     |  1- 3 |  4- 6 || total
---------------------------+-------+-------++-------
  Melee: Unarmed           |   100 |     5 ||   105
         Punch             |     4 |     1 ||     5
 Armour: Leather armour    |    33 |     2 ||    35
  Dodge: Dodged            |    65 |    10 ||    75
